 Dungeon Crawl Stone Soup version 0.31-a0-609-g7bf6ffcfed (webtiles) character file.

Game seed: 8997990432045461076

476 thirtiethelement the Firebug (level 6, 0/47 HPs)
             Began as a Demonspawn Cinder Acolyte on Aug 22, 2023.
             Was a High Priest of Ignis.
             Slain by a gnoll sergeant
             ... wielding a +0 spear
              (8 damage)
             ... on level 5 of the Dungeon.
             The game lasted 00:11:25 (3512 turns).

thirtiethelement the Firebug (DsCA)                 Turns: 3512, Time: 00:11:26

Health: 0/47       AC: 10    Str: 14    XL:     6   Next: 84%
Magic:  1/11       EV: 13    Int: 17    God:    Ignis [*****.]
Gold:   178        SH:  4    Dex:  9    Spells: 7/12 levels left

rFire   + . .        a - -1 hand axe (flame)
rCold   . . .        (no shield)
rNeg    . . .        q - +3 leather armour
rPois   .            (no helmet)
rElec   .            (no cloak)
rCorr   .            (no gloves)
SInv    .            (no boots)
Will    .....        (no amulet)
Stlth   +            g - ring of wizardry
HPRegen 0.27/turn    s - +4 ring of protection
MPRegen 0.12/turn

%: wizardry (x1)
@: no status effects
A: repulsion field 1, condensation shield, demonic touch 1
a: Renounce Religion, Fiery Armour, Foxfire Swarm, Rising Flame


You were on level 5 of the Dungeon.
You worshipped Ignis.
Ignis was extremely pleased with you.
You visited 1 branch of the dungeon, and saw 5 of its levels.

You collected 178 gold pieces.

Inventory:

Hand Weapons
 a - a -1 hand axe of flaming (weapon)
 r - a +0 broad axe
Armour
 q - a +3 leather armour (worn)
Jewellery
 g - a ring of wizardry (left hand)
 n - a +6 ring of dexterity
 s - a +4 ring of protection (right hand)
Wands
 b - a wand of flame (24)
 v - a wand of digging (6)
Scrolls
 c - a scroll of brand weapon
 d - 2 scrolls of enchant weapon {unknown}
 h - 2 scrolls of noise {unknown}
 j - a scroll of teleportation {unknown}
 k - a scroll of revelation {unknown}
 o - 2 scrolls of enchant armour {unknown}
 t - a scroll of silence {unknown}
 u - a scroll of blinking {unknown}
Potions
 e - 2 potions of invisibility
 f - 2 potions of lignification
 i - a potion of mutation {unknown}
 l - a potion of enlightenment {unknown}
 m - a potion of degeneration {unknown}
 p - 2 potions of curing {unknown}
 w - a potion of berserk rage {unknown}


   Skills:
 + Level 3.5 Fighting
 + Level 3.7 Axes
 + Level 0.5 Armour
 + Level 1.0 Dodging
 + Level 1.4 Stealth
 + Level 3.8 Spellcasting
 + Level 4.4 Fire Magic


You had 7 spell levels left.
You knew the following spells:

 Your Spells              Type           Power      Damage    Failure   Level
a - Scorch                Fire           36%        2d6       1%          2
b - Ozocubu's Armour      Ice            3%         N/A       24%         3

Your spell library contained the following spells:

 Spells                   Type           Power      Damage    Failure   Level
 Ozocubu's Refrigeration  Ice            1%         4d7       100%        7


Dungeon Overview and Level Annotations

Branches:
Dungeon (5/15)
 Temple: D:4-7

Altars:


Innate Abilities, Weirdness & Mutations

You are surrounded by a mild repulsion field. (EV +2)
A meltable shield of frost defends you. (SH +4)
Your touch may inflict minor irresistible damage on your foes.


Message History

You hit the gnoll. You burn the gnoll.
The gnoll is no longer more vulnerable to fire.
The gnoll hits you but does no damage. You block the gnoll's attack.
The gnoll sergeant closely misses you. The gnoll hits you but does no damage.
You hit the gnoll. You burn the gnoll.
You kill the gnoll!
You hit the gnoll. You burn the gnoll.
You kill the gnoll!
The gnoll hits you from afar with a +0 halberd.
You block the gnoll sergeant's attack.
Casting: Scorch (safe; 1% risk of failure)
Confirm with . or Enter, or press ? or * to list all spells.
Flames lash the white imp but do no damage.
You block the gnoll's attack.
The gnoll sergeant hits you from afar with a +0 spear.
You barely miss the white imp.
The white imp hits you but does no damage.
The gnoll misses you.
The gnoll sergeant hits you but does no damage.
You hit the white imp. You burn the white imp.
The white imp is severely wounded.
The white imp gestures at you.
The puff of frost hits you but does no damage.
The gnoll hits you from afar with a +0 halberd.
The gnoll sergeant barely misses you.
You barely miss the white imp.
The white imp is severely wounded.
The white imp hits you but does no damage.
The gnoll hits you but does no damage.
The gnoll sergeant hits you from afar with a +0 spear.
You hit the white imp. You burn the white imp.
You kill the white imp!
The gnoll hits you but does no damage. You block the gnoll sergeant's attack.
The gnoll sergeant hits you from afar with a +0 spear!
The gnoll hits you from afar with a +0 halberd!
* * * LOW HITPOINT WARNING * * *
Your icy armour cracks and falls away as you move.
The gnoll sergeant attacks as it pursues you!
The gnoll sergeant hits you from afar with a +0 spear!
You die...

##### ##
###...##.##
#.........
#.......##.
#.(.##.#.?#
#<......#
#####.@.g..#..#
.........g......
######..........
#..........
#####......
#..##. .#.. .##.
#.


You could see a gnoll sergeant and a gnoll.

Vanquished Creatures
  A howler monkey (D:4)
  2 jellies
  2 orc priests
  Jessica (D:3)
  An iguana (D:4)
  2 orc wizards (D:4)
  Robin (D:4)
  6 gnolls
  4 adders
  3 shadow imps (D:3)
  A white imp (D:5)
  A worm (D:4)
  A dart slug (D:1)
  2 orcs (D:4)
  4 ball pythons
  2 bats
  3 endoplasms
  6 giant cockroaches
  13 goblins
  14 hobgoblins
  5 quokkas
  2 frilled lizards
  8 kobolds
  3 rats
88 creatures vanquished.

Vanquished Creatures (others)
  13 foxfires (D:4)
13 creatures vanquished.

Grand Total: 101 creatures vanquished

Notes
Turn   | Place    | Note
-------+----------+-------------------------------------------
     0 | D:1      | thirtiethelement the Demonspawn Cinder Acolyte began the
                  | quest for the Orb.
     0 | D:1      | Reached XP level 1. HP: 18/18 MP: 2/2
   123 | D:1      | Gained mutation: Your touch may inflict minor irresistible
                  | damage on your foes. [demonic ancestry]
   123 | D:1      | Reached XP level 2. HP: 19/24 MP: 3/3
   128 | D:1      | Reached skill level 3 in Fire Magic
   144 | D:1      | Learned a level 2 spell: Scorch
   854 | D:2      | Reached XP level 3. HP: 18/29 MP: 1/5
  1413 | D:3      | Reached XP level 4. HP: 35/35 MP: 0/7
  1495 | D:3      | Noticed Jessica
  1503 | D:3      | Killed Jessica
  1677 | D:3      | Gained mutation: You are surrounded by a mild repulsion
                  | field. (EV +2) [demonic ancestry]
  1677 | D:3      | Reached XP level 5. HP: 21/41 MP: 1/8
  1879 | D:3      | Learned a level 3 spell: Ozocubu's Armour
  2194 | D:3      | Found a transporter.
  2213 | D:3      | Found a transporter.
  2328 | D:3      | Reached skill level 1 in Stealth
  2328 | D:3      | Reached skill level 4 in Fire Magic
  2648 | D:4      | Gained mutation: A meltable shield of frost defends you.
                  | (SH +4) [demonic ancestry]
  2648 | D:4      | Reached XP level 6. HP: 11/47 MP: 8/10
  2845 | D:4      | Noticed Robin
  2857 | D:4      | Reached skill level 1 in Dodging
  2862 | D:4      | Killed Robin
  3496 | D:5      | Entered Level 5 of the Dungeon
  3512 | D:5      | Slain by a gnoll sergeant

Illustrated notes

Levels and vault maps discovered:
D:1:      tarquinn_simple_flora_water_b, layout_rooms,
          chequers_serial_rivers_micro_d, corner_web_ring
D:2:      layout_basic
D:3:      gammafunk_wand_slinger, layout_basic, uniq_jessica
D:4:      layout_layer_cave, uniq_robin
D:5:      layout_basic, trog_wizard, minmay_temple_entry_statues_pillars,
          nicolae_houndstooth_variations, uniq_grinder, uniq_crazy_yiuf_cottage

Skill      XL: |  1  2  3  4  5  6 |
---------------+-------------------+-----
Fire Magic     | 3 4 |  4.4
Axes           | 3 |  3.7
Spellcasting   | 2 3 |  3.8
Stealth        | 1 |  1.4
Dodging        | 1 |  1.0
Fighting       | |  3.5
Armour         | |  0.5

Action                     |  1- 3 |  4- 6 || total
---------------------------+-------+-------++-------
  Melee: Hand axe          |    39 |    39 ||    78
         Touch             |     5 |     6 ||    11
   Cast: Scorch            |    17 |    54 ||    71
         Ozocubu's Armour  |       |     2 ||     2
 Invoke: Foxfire Swarm     |       |     1 ||     1
         Fiery Armour      |       |     1 ||     1
    Use: Scroll            |       |     3 ||     3
 Armour: Robe              |    12 |       ||    12
         Leather armour    |       |    27 ||    27
  Dodge: Dodged            |    19 |    51 ||    70
  Block: Other             |       |    15 ||    15

Table legend: (Time is in decaauts)
 A = Elapsed time spent in this place.
 B = Non-inter-level travel time spent in this place.
 C = Inter-level travel time spent in this place.
 D = Time resting spent in this place.
 E = Time spent auto-exploring this place.
 F = Levels seen in this place.
 G = Mean time per level.
                   A        B        C        D        E       F      G
               +--------+--------+--------+--------+--------+-----+--------+
         Total |   3525 |   3448 |     77 |    259 |   2653 |   5 |  705.0 |
       Dungeon |   3525 |   3448 |     77 |    259 |   2653 |   5 |  705.0 |
               +--------+--------+--------+--------+--------+-----+--------+

Top non-repeatable levels by time:
     D:3: 1435 daAuts
     D:2: 755 daAuts
     D:4: 744 daAuts
     D:1: 572 daAuts
     D:5: 16 daAuts
